 Dungeon Crawl Stone Soup version 0.17-a0-2118-g63bad21 (webtiles) character file.

13911 radek the Thaumaturge (level 11, -27/55 HPs)
             Began as a Deep Elf Conjurer on Oct 20, 2015.
             Was a High Priest of Vehumet.
             Annihilated by an ogre
             ... wielding a +0 giant club
              (28 damage)
             ... on level 4 of the Orcish Mines.
             The game lasted 01:44:23 (16351 turns).

radek the Thaumaturge (Deep Elf Conjurer)          Turns: 16351, Time: 01:44:23

Health: -27/55     AC: 10    Str: 11    XL:     11   Next: 81%
Magic:  26/30      EV: 12    Int: 23    God:    Vehumet [*****.]
Gold:   917        SH:  0    Dex: 18    Spells: 3 memorised, 26 levels left

rFire  . . .     SeeInvis .     m - +3 hand axe (freeze)
rCold  . . .     Clarity  .     F - +2 robe {MR+}
rNeg   . . .     SustAt   .     (no shield)
rPois  .         Gourm    .     (no helmet)
rElec  .         Spirit   .     W - +0 cloak
rCorr  .         Warding  .     P - +1 pair of gloves {Dex+3}
rMut   .         Stasis   .     O - +2 pair of boots
MR     ++...                    H - amulet of rage
Stlth  +++.......               a - +5 ring of strength
                                n - ring of wizardry

@: very resistant to hostile enchantments, fairly stealthy
A: no striking features
a: Renounce Religion, Evoke Berserk Rage


You were on level 4 of the Orcish Mines.
You worshipped Vehumet.
Vehumet was extremely pleased with you.
You were not hungry.

You visited 2 branches of the dungeon, and saw 14 of its levels.

You collected 917 gold pieces.

Inventory:

Hand Weapons
 g - a +0 short sword
 h - a +1 falchion of flaming
 m - a +3 hand axe of freezing (weapon)
 R - a +3 short sword
 V - a +2 quarterstaff of chaos
 X - a +2 dagger of draining
Armour
 F - a +2 robe of magic resistance (worn)
 M - a +2 pair of gloves of archery
 O - a +2 pair of boots (worn)
 P - a +1 pair of gloves of dexterity (worn)
 W - a +0 cloak (worn)
Jewellery
 a - a +5 ring of strength (right hand)
 d - an uncursed ring of protection from fire
 n - a ring of wizardry (left hand)
 p - an uncursed ring of wizardry
 w - an uncursed ring of positive energy
 H - an amulet of rage (around neck)
Wands
 r - a wand of draining (10)
 s - a wand of enslavement (8)
 y - a wand of heal wounds (8)
 B - a wand of teleportation (2)
 I - a wand of frost (0)
 Q - a wand of confusion (24)
 T - a wand of lightning (5)
 U - a wand of teleportation (2)
Scrolls
 e - 10 scrolls of identify
 k - 7 scrolls of remove curse
 q - 2 scrolls of teleportation
 t - a scroll of magic mapping
 K - 2 scrolls of random uselessness
 N - 2 scrolls of recharging
 S - 2 scrolls of fear
 Y - a scroll of brand weapon
Potions
 f - a potion of degeneration
 j - a potion of haste {unknown}
 l - 3 potions of curing {unknown}
 u - 3 potions of flight {unknown}
 v - 2 potions of mutation {unknown}
 x - a potion of ambrosia {unknown}
 z - 2 potions of cancellation {unknown}
 A - 2 potions of poison {unknown}
 C - a potion of cure mutation {unknown}
 D - a potion of berserk rage {unknown}
 E - 3 potions of heal wounds {unknown}
 G - 2 potions of lignification {unknown}
 L - a potion of magic {unknown}
Books
 b - a book of Conjurations

   Spells                             Type                      Level
   a - Magic Dart                     Conjuration                  1
   b - Searing Ray                    Conjuration                  2
   c - Dazzling Spray                 Conjuration/Hexes            3
   d - Fulminant Prism                Conjuration/Hexes            4
   e - Iskenderun's Mystic Blast      Conjuration                  4
   f - Iskenderun's Battlesphere      Conjuration/Charms           5
 i - a book of Conjurations

   Spells                             Type                      Level
   a - Magic Dart                     Conjuration                  1
   b - Searing Ray                    Conjuration                  2
   c - Dazzling Spray                 Conjuration/Hexes            3
   d - Fulminant Prism                Conjuration/Hexes            4
   e - Iskenderun's Mystic Blast      Conjuration                  4
   f - Iskenderun's Battlesphere      Conjuration/Charms           5
 J - a Grand Grimoire

   Spells                             Type                      Level
   a - Monstrous Menagerie            Summoning                    6
   b - Summon Greater Demon           Summoning                    7
   c - Malign Gateway                 Summoning/Translocation      7
   d - Summon Horrible Things         Summoning                    8
Comestibles
 c - 4 bread rations
 o - 15 fruits


   Skills:
 - Level 0.7 Fighting
 - Level 6.9 Dodging
 - Level 4.8 Stealth
 - Level 13.0 Spellcasting
 - Level 12.2 Conjurations
 - Level 11.0 Charms
 * Level 7.2 Fire Magic
 - Level 3.2 Evocations


You had 26 spell levels left.
You knew the following spells:

 Your Spells              Type           Power        Failure   Level  Hunger
a - Magic Dart            Conj           ####         1%          1    None
b - Iskenderun's Battles  Conj/Chrm      ######..     1%          5    ###....
c - Sticky Flame          Conj/Fire      ######..     1%          4    None


Dungeon Overview and Level Annotations

Branches:
Dungeon (10/15)            Temple (0/1) D:7            Lair (0/8) D:10
    Orc (4/4) D:10            Elf (0/3) Orc:3

Altars:
Dithmenos
Fedhas
Kikubaaqudgha
Makhleb
Nemelex Xobeh
Okawaru
Vehumet
Xom
Zin

Shops:
D:4 =

Annotations:
Orc:4 Azrael


Message History

Aiming: Sticky Flame
Press: ? - help, Shift-Dir - straight line, f - ogre mage
Aim: an ogre mage, wielding a spear and wearing a robe The sticky flame hits the ogre mage.
The ogre mage is lightly wounded.
The ogre mage is covered in liquid flames!
The ogre mage burns!
The two-headed ogre hits you with a giant club!!
* * * LOW HITPOINT WARNING * * *
The two-headed ogre misses you. The ogre mage completely misses you.
The ogre mage burns!
The two-headed ogre hits you with a giant club.
* * * LOW HITPOINT WARNING * * *
The two-headed ogre hits you with a giant club!
* * * LOW HITPOINT WARNING * * *
The ogre mage hits you with a spear.
* * * LOW HITPOINT WARNING * * *
The ogre hits you with a giant club!!
Ouch! That really hurt!
You die...

###### #### #..#.#$##
#.... .$......###.......
....................
.....................
#....................
......................
.....#.O@.............
#..#...OOO...............
...................# ...#
##.................# .....
#..............##.###....#
#.......).....O.........
##........).#...........#
#........)...#......#..#
#............#.....##


You could see an ogre mage (burning), 2 two-headed ogres and 2 ogres.

Vanquished Creatures
  2 hill giants (D:10)
  Pikel (D:4)
  A kobold demonologist (D:10)
  The ghost of tp1 the Conjurer, a novice DECj of Vehumet (D:5)
  4 two-headed ogres (Orc:4)
  2 trolls
  A hippogriff (D:8)
  2 hungry ghosts
  8 yaks
  A wyvern (D:10)
  4 basilisks (D:10)
  5 wolves (Orc:3)
  9 orc warriors
  5 wargs
  4 porcupines (D:10)
  2 hell hounds
  A water moccasin (D:10)
  2 necrophages
  A slave (D:4)
  3 ice beasts
  An eye of draining (D:9)
  11 ogres
  3 phantoms
  4 centaurs
  A sky beast (D:9)
  4 giant frogs
  2 wyvern zombies
  2 crocodiles (D:10)
  3 scorpions
  An electric eel (D:10)
  8 killer bees (D:8)
  A centaur zombie (D:7)
  A quasit (D:5)
  5 wights (D:9)
  6 crimson imps
  4 hounds
  11 orc wizards
  13 orc priests
  2 centaur skeletons
  3 giant frog skeletons
  2 jellies
  Crazy Yiuf (D:7)
  2 iguanas (D:9)
  Jessica (D:2)
  8 worker ants
  Terence (D:2)
  Natasha (thrice) (D:4)
  A killer bee zombie (D:8)
  A hound skeleton (D:7)
  Robin (D:3)
  9 adders
  5 river rats (D:10)
  2 shadow imps (D:10)
  2 oozes (D:3)
  3 adder zombies
  2 adder skeletons
  2 worms
  12 giant geckos
  88 orcs
  2 giant cockroaches
  14 goblins
  9 hobgoblins
  10 kobolds
  11 bats
  2 giant gecko zombies
  5 giant newts
  3 jackals (D:2)
  5 quokkas
  A quokka skeleton (D:4)
  8 rats
  A plant (D:4)
362 creatures vanquished.

Vanquished Creatures (others)
  An orc (Orc:2)
  A bush (D:10)
  A fungus (D:10)
  6 plants (D:10)
9 creatures vanquished.

Grand Total: 371 creatures vanquished

Notes
Turn   | Place    | Note
--------------------------------------------------------------
     0 | D:1      | radek the Deep Elf Conjurer began the quest for the Orb.
     0 | D:1      | Reached XP level 1. HP: 10/10 MP: 6/6
   213 | D:1      | Reached XP level 2. HP: 15/15 MP: 6/8
   333 | D:1      | Reached skill level 5 in Conjurations
  1049 | D:2      | Found a faded altar to an unknown god.
  1064 | D:2      | Reached XP level 3. HP: 19/19 MP: 4/9
  1350 | D:2      | Noticed Jessica
  1369 | D:2      | Noticed Terence
  1439 | D:2      | Killed Terence
  1439 | D:2      | Reached skill level 6 in Conjurations
  1439 | D:2      | Reached XP level 4. HP: 8/24 MP: 1/10
  1906 | D:3      | Noticed a phantom
  2068 | D:2      | Killed Jessica
  2231 | D:3      | Killed a phantom
  2231 | D:3      | Reached skill level 7 in Conjurations
  2231 | D:3      | Reached XP level 5. HP: 12/28 MP: 2/11
  2407 | D:3      | Learned a level 5 spell: Iskenderun's Battlesphere
  2427 | D:3      | Reached skill level 1 in Charms
  3168 | D:3      | Reached XP level 6. HP: 18/32 MP: 4/12
  3846 | D:3      | Noticed Robin
  3849 | D:3      | Killed Robin
  4071 | D:3      | Reached skill level 5 in Charms
  4274 | D:4      | Noticed Natasha
  4281 | D:4      | Killed Natasha
  4383 | D:4      | Noticed Natasha
  4386 | D:4      | Killed Natasha
  4752 | D:4      | Noticed Pikel
  5154 | D:4      | Found an ancient bone altar of Kikubaaqudgha.
  5163 | D:4      | Reached XP level 7. HP: 36/36 MP: 5/13
  5287 | D:4      | Noticed Natasha
  5290 | D:4      | Killed Natasha
  5568 | D:4      | Found Reczoeli's Jewellery Boutique.
  5582 | D:4      | Killed Pikel
  5582 | D:4      | Reached skill level 8 in Conjurations
  5758 | D:4      | Found a burning altar of Makhleb.
  5758 | D:4      | Found a radiant altar of Vehumet.
  5762 | D:4      | Reached skill level 5 in Spellcasting
  5762 | D:4      | Reached XP level 8. HP: 36/41 MP: 8/17
  5769 | D:4      | Became a worshipper of Vehumet
  6077 | D:5      | Entered Level 5 of the Dungeon
  6173 | D:5      | Reached skill level 9 in Conjurations
  6730 | D:5      | Noticed tp1's ghost (novice DECj)
  6733 | D:5      | Killed tp1's ghost
  7323 | D:6      | Reached * piety under Vehumet
  7323 | D:6      | Offered knowledge of Sandblast by Vehumet.
  7629 | D:6      | Found a shadowy altar of Dithmenos.
  8459 | D:7      | Reached XP level 9. HP: 46/46 MP: 4/23
  8901 | D:7      | Found a staircase to the Ecumenical Temple.
  8941 | D:7      | Noticed Crazy Yiuf
  8944 | D:7      | Killed Crazy Yiuf
  9242 | D:7      | Found a shimmering altar of Xom.
  9878 | D:8      | Reached skill level 10 in Conjurations
  9938 | D:8      | Found an iron altar of Okawaru.
  9942 | D:8      | Found a glowing silver altar of Zin.
 10345 | D:8      | Reached ** piety under Vehumet
 10345 | D:8      | Offered knowledge of Shock by Vehumet.
 10345 | D:8      | Reached skill level 10 in Spellcasting
 10485 | D:8      | Reached skill level 5 in Dodging
 10622 | D:8      | Found a blossoming altar of Fedhas.
 10817 | D:8      | Found a sparkling altar of Nemelex Xobeh.
 10868 | D:8      | Reached XP level 10. HP: 51/51 MP: 15/26
 11092 | D:9      | Reached skill level 10 in Charms
 11867 | D:9      | Offered knowledge of Mephitic Cloud by Vehumet.
 11867 | D:9      | Reached skill level 11 in Spellcasting
 11934 | D:10     | Entered Level 10 of the Dungeon
 12129 | D:10     | Noticed a hill giant
 12133 | D:10     | Killed a hill giant
 12294 | D:10     | Reached *** piety under Vehumet
 12295 | D:10     | Noticed a hill giant
 12307 | D:10     | Killed a hill giant
 12663 | D:10     | Reached skill level 12 in Spellcasting
 12839 | D:10     | Found a staircase to the Lair.
 12899 | D:10     | Reached skill level 1 in Evocations
 12991 | D:10     | Reached XP level 11. HP: 31/55 MP: 21/29
 13140 | D:10     | Offered knowledge of Olgreb's Toxic Radiance by Vehumet.
 13432 | D:10     | Found a staircase to the Orcish Mines.
 13631 | D:10     | Reached **** piety under Vehumet
 14114 | Orc:1    | Entered Level 1 of the Orcish Mines
 14118 | Orc:1    | Reached skill level 13 in Spellcasting
 14402 | Orc:2    | Offered knowledge of Sticky Flame by Vehumet.
 14409 | Orc:2    | Learned a level 4 spell: Sticky Flame
 14531 | Orc:3    | Reached skill level 1 in Fire Magic
 14825 | Orc:3    | Reached ***** piety under Vehumet
 14825 | Orc:3    | Offered knowledge of Lee's Rapid Deconstruction by Vehumet.
 15137 | Orc:3    | Found a staircase to the Elven Halls.
 15459 | Orc:3    | Reached skill level 5 in Fire Magic
 15702 | Orc:4    | Entered Level 4 of the Orcish Mines
 15702 | Orc:4    | Noticed Azrael
 15901 | Orc:4    | Noticed an ogre mage
 15908 | Orc:4    | Noticed an ogre mage
 16351 | Orc:4    | HP: 1/55 [ogre mage/spear (2)]
 16351 | Orc:4    | Annihilated by an ogre

Vault maps used:
D:1:      dpeg_arrival_yet_another_circle, minivault_11, st_stairs_3
D:2:      ecumenical_altar_1, first_bread, uniq_jessica, uniq_terence
D:3:      uniq_robin
D:4:      grunt_temple_overflow_lords_of_destruction, kiku_gazebo_garden_becter,
          serial_shops, nicolae_shop_stone, hangedman_decor_slide_cut,
          nicolae_zen_rock_garden, abandoned_shop, uniq_pikel, uniq_natasha
D:6:      portal_sewer_entry_f, nicolae_dithmenos_shadow_blocks
D:7:      kennysheep_mini_moat, minmay_temple_entry_glass,
          uniq_crazy_yiuf_cottage
D:8:      nicolae_overflow_hidden_temple, hangedman_tree_tricks
D:9:      kennysheep_generic_room_14
D:10:     minmay_lair_entry_grove, orc_0_dummy, minivault_23, minivault_14
Orc:3:    nicolae_orc_accident_1, serial_shops, nicolae_orc_pool_cavern,
          mines5_lemuel
Orc:4:    st_orc_ogre_mass, serial_shops, nicolae_shop_crystal,
          portal_ice_cave_entry_imps, mines3_lemuel, uniq_azrael

Action                   |  1- 3 |  4- 6 |  7- 9 | 10-12 || total
-------------------------+-------+-------+-------+-------++-------
Melee: Unarmed           |     3 |       |       |       ||     3
       Hand axe          |       |       |    26 |     8 ||    34
 Cast: Magic Dart        |    67 |   150 |   266 |   427 ||   910
       Iskenderun's Batt |       |     7 |    36 |    62 ||   105
       Sticky Flame      |       |       |       |     4 ||     4
  Use: Scroll            |       |     4 |     3 |     5 ||    12
  Eat: Chunk             |     1 |     3 |    18 |     7 ||    29
       Bread ration      |       |     2 |       |     3 ||     5
       Fruit             |       |     2 |     9 |       ||    11
       Pizza             |       |       |     1 |       ||     1
       Meat ration       |       |       |     1 |       ||     1
       Royal jelly       |       |       |       |     1 ||     1
